 Dungeon Crawl Stone Soup version 0.18.1-48-g4cf74bf (webtiles) character file.

17603 nikopol the Cleaver (level 12, -23/110 HPs)
             Began as a Minotaur Berserker on Sept 4, 2016.
             Was a High Priest of Trog.
             Annihilated by a large abomination (29 damage)
             ... on level 1 of the Abyss.
             The game lasted 00:35:50 (13467 turns).

nikopol the Cleaver (Minotaur Berserker)           Turns: 13467, Time: 00:35:51

Health: -23/110    AC: 12    Str: 22    XL:     12   Next: 20%
Magic:  0/11       EV: 16    Int:  4    God:    Trog [*****.]
Gold:   652        SH:  0    Dex: 15    Spells: 0 memorised, 11 levels left

rFire  . . .     SeeInvis .     a - +8 battleaxe (freeze)
rCold  . . .     Gourm    .     i - +0 scale mail
rNeg   . . .     Faith    .     (shield currently unavailable)
rPois  .         Spirit   +     M - +0 hat {Spirit}
rElec  .         Dismiss  .     (no cloak)
rCorr  .         Reflect  .     f - +0 pair of gloves
SustAt .         Harm     .     t - +0 pair of boots
MR     .....                    (no amulet)
Stlth  ..........               (no ring)
                                (no ring)

@: not resistant to hostile enchantments, extremely unstealthy
A: retaliatory headbutt, horns 2
a: Berserk, Trog's Hand, Brothers in Arms, Burn Spellbooks, Renounce Religion


You were on level 1 of the Abyss.
You worshipped Trog.
Trog was extremely pleased with you.
You were very hungry.

You visited 2 branches of the dungeon, and saw 13 of its levels.
You visited the Abyss 1 time.
You also visited: Volcano.

You collected 652 gold pieces.

Inventory:

Hand Weapons
 a - a +8 battleaxe of freezing (weapon)
 n - a +1 antimagic battleaxe
 z - a +2 shortbow of freezing
Missiles
 b - 53 arrows (quivered)
Armour
 f - a +0 pair of gloves (worn)
 i - a +0 scale mail (worn)
 t - a +0 pair of boots (worn)
 I - a +0 scale mail of fire resistance
 M - a +0 hat of spirit shield (worn)
Jewellery
 R - an uncursed amulet of faith {unknown}
Wands
 s - a wand of digging (23/24)
 v - a wand of disintegration (17/24)
 P - a wand of iceblast (3/15)
Scrolls
 d - a scroll of recharging
 e - a scroll of blinking
 g - a scroll of enchant weapon {unknown}
 j - 5 scrolls of teleportation
 m - 2 scrolls of magic mapping
 p - 4 scrolls of fog {unknown}
 w - 4 scrolls of amnesia {unknown}
 y - a scroll of random uselessness {unknown}
 A - a scroll of noise {unknown}
 E - a scroll of fear {unknown}
 F - a scroll of enchant armour {unknown}
 G - 8 scrolls of remove curse {unknown}
 H - a scroll of brand weapon {unknown}
 J - a scroll of acquirement {unknown}
Potions
 k - 3 potions of heal wounds
 l - 2 potions of flight
 r - a potion of cure mutation
 u - a potion of haste
 x - a potion of agility {unknown}
 C - a potion of curing
 D - 2 potions of cancellation {unknown}
 K - a potion of might {unknown}
 L - 2 potions of berserk rage {unknown}
 Q - a potion of resistance {unknown}
Books
 B - a book of Annihilations

   Spells                             Type                      Level
   a - Poison Arrow                   Conjuration/Poison           6
   b - Chain Lightning                Conjuration/Air              8
   c - Lehudib's Crystal Spear        Conjuration/Earth            8
   d - Glaciate                       Conjuration/Ice              9
   e - Fire Storm                     Conjuration/Fire             9
   Trog disapproves of the use of such an item.
Comestibles
 c - 6 bread rations
 h - 8 slices of pizza
 o - 3 beef jerkies
 q - 5 meat rations
 O - a royal jelly


   Skills:
 + Level 11.4 Fighting
 * Level 13.0 Axes
 * Level 6.9 Bows
 + Level 11.4 Armour
 + Level 9.9 Dodging


You had 11 spell levels left.
You didn't know any spells.

Dungeon Overview and Level Annotations

Branches:
Dungeon (10/15)            Temple (0/1) D:5            Lair (3/8) D:10
  Swamp: Lair:3-6    Shoals: Lair:3-6     Snake: Lair:3-6    Spider: Lair:3-6
    Orc: D:9-12

Altars:
Cheibriados
Dithmenos
Fedhas
Nemelex Xobeh
Okawaru
Sif Muna
Trog
Yredelemnul
The Shining One

Annotations:
Lair:3 Sonja


Innate Abilities, Weirdness & Mutations

You reflexively headbutt those who attack you in melee.
You have a pair of horns on your head.


Message History

* * * LOW HITPOINT WARNING * * *
The worldbinder closely misses you. The worldbinder barely misses you.
The black mamba misses you. The worldbinder hits you.
* * * LOW HITPOINT WARNING * * *
The worldbinder barely misses you.
A large abomination comes into view.
You hit the worldbinder. You freeze the worldbinder.
The worldbinder is moderately damaged.
You slash the large abomination! You freeze the large abomination.
The large abomination is lightly damaged.
You hit the black mamba. You freeze the black mamba.
The black mamba is moderately wounded.
You slash the starcursed mass! You freeze the starcursed mass.
The starcursed mass is severely damaged.
The starcursed mass shudders and is absorbed by its neighbour.
The black mamba closely misses you. The worldbinder barely misses you.
The worldbinder closely misses you. The black mamba barely misses you.
You furiously retaliate!
You headbutt the black mamba. The large abomination hits you!!
You die...

# .## #.## #..
. #.#. #.## ..
#...# #..# ..
#....##..##.#..
#...#S#.X....
#...X@X(}# ###
##.X#x###X.#
##..# ##.N##
#..#..##XX#
###.....#X##
#..# . ..x.#
#.......##. # #
## #..### ... #
..##..#.. .#...


You could see 5 starcursed masses, 3 large abominations, a worldbinder, a black
mamba, a naga and a small abomination.

Vanquished Creatures
  Gastronok (D:8)
  A centaur warrior (D:10)
  An ogre mage (Volcano)
  A hill giant (Volcano)
  Pikel (D:5)
  The ghost of simples the Covert, a novice SpEn of Gozag (D:8)
  2 large abominations (Abyss:1)
  An elephant (D:10)
  Maurice (D:8)
  A black mamba (Lair:3)
  3 gargoyles (D:10)
  3 spiny frogs
  A freezing wraith (Abyss:1)
  3 two-headed ogres
  3 blink frogs (Lair:1)
  A ynoxinul (Abyss:1)
  A human (D:8)
  Sigmund (D:5)
  2 fire bats (Volcano)
  A wraith (Abyss:1)
  3 yaks (Lair:1)
  A chaos spawn (Abyss:1)
  Grum (D:8)
  3 water moccasins
  A porcupine (Lair:1)
  4 orc warriors
  2 slaves (D:5)
  A wasp (D:7)
  2 ice beasts
  3 black bears
  3 sky beasts
  A snapping turtle zombie (Abyss:1)
  4 ogres
  2 centaurs (D:9)
  3 wolves (D:8)
  13 crocodiles
  A gnoll sergeant (D:4)
  4 giant frogs
  A wyvern zombie (D:7)
  6 scorpions
  An electric eel (D:6)
  A wight (D:10)
  4 howler monkeys (D:10)
  7 crimson imps
  11 lava snakes (Volcano)
  5 jellies
  2 centaur skeletons
  3 gnoll shamans (D:4)
  6 hounds
  4 orc priests
  8 orc wizards
  A giant frog skeleton (D:7)
  5 iguanas
  2 worker ants
  11 sheep
  A hound skeleton (D:4)
  2 howler monkey zombies (D:7)
  8 adders
  49 gnolls
  18 river rats (Lair:1)
  A shadow imp (D:7)
  A white imp (Abyss:1)
  An ooze (D:3)
  2 adder zombies
  2 adder skeletons (D:4)
  4 worms
  10 dart slugs
  3 giant geckos
  35 orcs
  5 ball pythons
  4 giant cockroaches
  6 goblins
  10 hobgoblins
  25 jackals
  17 kobolds
  6 quokkas
  13 bats
  A giant gecko skeleton (D:4)
  2 giant newts (D:2)
  A jackal zombie (D:7)
  8 rats
395 creatures vanquished.

Vanquished Creatures (others)
  A centaur (D:7)
  A giant frog (D:7)
  A gnoll shaman (D:7)
  An orc wizard (D:7)
  A shadow imp (D:7)
  5 orcs
  A giant newt (D:7)
11 creatures vanquished.

Grand Total: 406 creatures vanquished

Notes
Turn   | Place    | Note
--------------------------------------------------------------
     0 | D:1      | nikopol the Minotaur Berserker began the quest for the Orb.
     0 | D:1      | Reached XP level 1. HP: 19/19 MP: 0/0
   204 | D:1      | Reached XP level 2. HP: 27/27 MP: 1/1
   257 | D:1      | Reached skill level 4 in Axes
   283 | D:1      | You fall through a shaft!
   417 | D:1      | Reached XP level 3. HP: 32/33 MP: 2/2
   541 | D:1      | Reached ** piety under Trog
   910 | D:2      | Reached XP level 4. HP: 40/41 MP: 3/3
  1520 | D:3      | Reached *** piety under Trog
  1521 | D:3      | Received a gift from Trog
  1684 | D:3      | Reached XP level 5. HP: 36/47 MP: 4/4
  1685 | D:3      | Reached skill level 5 in Fighting
  2128 | D:4      | Reached skill level 5 in Axes
  2128 | D:4      | Reached XP level 6. HP: 30/56 MP: 5/5
  2309 | D:4      | Found a shadowy altar of Dithmenos.
  2471 | D:4      | Reached skill level 5 in Armour
  2586 | D:4      | Reached **** piety under Trog
  2593 | D:4      | Reached XP level 7. HP: 63/63 MP: 6/6
  3128 | D:4      | Reached skill level 6 in Axes
  3469 | D:4      | Reached ***** piety under Trog
  3469 | D:4      | Reached skill level 5 in Dodging
  3728 | D:4      | Reached XP level 8. HP: 73/73 MP: 7/7
  3782 | D:5      | Entered Level 5 of the Dungeon
  3900 | D:5      | Noticed Sigmund
  3904 | D:5      | Noticed Pikel
  3908 | D:5      | Killed Sigmund
  3933 | D:5      | Killed Pikel
  3933 | D:5      | Received a gift from Trog
  3933 | D:5      | Reached skill level 7 in Axes
  4070 | D:5      | Found a sparkling altar of Nemelex Xobeh.
  4120 | D:5      | Found a blossoming altar of Fedhas.
  4256 | D:5      | Found a staircase to the Ecumenical Temple.
  4371 | D:5      | Found a basalt altar of Yredelemnul.
  4696 | D:6      | Reached XP level 9. HP: 77/81 MP: 8/8
  4967 | D:6      | Found a bloodstained altar of Trog.
  4968 | D:6      | Reached skill level 8 in Axes
  5449 | D:6      | Found a glowing golden altar of the Shining One.
  6434 | D:7      | Found a snail-covered altar of Cheibriados.
  6714 | D:8      | Noticed Grum
  6720 | D:8      | Killed Grum
  6720 | D:8      | Reached skill level 9 in Axes
  6737 | D:8      | Found an iron altar of Okawaru.
  6738 | D:8      | Noticed simples's ghost (novice SpEn)
  7050 | D:8      | Killed simples's ghost
  7050 | D:8      | Reached XP level 10. HP: 91/91 MP: 9/9
  7123 | D:8      | Noticed Gastronok
  7135 | D:8      | Killed Gastronok
  7135 | D:8      | Reached skill level 10 in Fighting
  7135 | D:8      | Reached skill level 10 in Axes
  7399 | D:8      | Reached skill level 10 in Armour
  7609 | D:8      | Noticed Maurice
  7614 | D:8      | Killed Maurice
  7614 | D:8      | Reached skill level 11 in Axes
  7857 | D:9      | Received a gift from Trog
  8212 | D:9      | Reached skill level 1 in Bows
  8234 | D:9      | Found a deep blue altar of Sif Muna.
  8550 | D:10     | Entered Level 10 of the Dungeon
  8553 | D:10     | Noticed an elephant
  8557 | D:10     | Reached XP level 11. HP: 101/101 MP: 10/10
  8570 | D:10     | Found a staircase to the Lair.
  9780 | D:10     | Noticed a centaur warrior
  9791 | D:10     | Killed a centaur warrior
  9791 | D:10     | Reached skill level 12 in Axes
 10176 | Lair:1   | Entered Level 1 of the Lair of Beasts
 10464 | Lair:1   | Received a gift from Trog
 11436 | Lair:2   | Reached skill level 5 in Bows
 11493 | Lair:2   | Found a dark tunnel.
 11498 | Volcano  | Entered a volcano
 11838 | Volcano  | Noticed an ogre mage
 11841 | Volcano  | Noticed a hill giant
 11854 | Volcano  | Killed a hill giant
 11859 | Volcano  | Killed an ogre mage
 12155 | Volcano  | Received a gift from Trog
 12175 | Volcano  | Found a burning altar of Makhleb.
 12452 | Lair:2   | Reached XP level 12. HP: 105/110 MP: 11/11
 13215 | Lair:3   | Noticed Sonja
 13225 | Lair:3   | Cast into level 1 of the Abyss (Sonja)
 13403 | Abyss:1  | Reached skill level 13 in Axes
 13441 | Abyss:1  | Noticed a bone dragon
 13451 | Abyss:1  | Noticed a starcursed mass
 13466 | Abyss:1  | HP: 5/110 [worldbinder (3)]
 13467 | Abyss:1  | Annihilated by a large abomination

Skill      XL: |  1  2  3  4  5  6  7  8  9 10 11 12 |
---------------+-------------------------------------+-----
Fighting       | 4 5 6 7 8 9 10 11 | 11.4
Axes           | 4 5 6 7 9 11 12 13 | 13.0
Armour         | 3 4 5 6 7 9 10 11 | 11.4
Dodging        | 3 4 5 6 7 8 9 |  9.9
Bows           | 1 6 |  6.9

Action                   |  1- 3 |  4- 6 |  7- 9 | 10-12 || total
-------------------------+-------+-------+-------+-------++-------
Melee: Hand axe          |    66 |   192 |   194 |       ||   452
       Headbutt          |    10 |    36 |    62 |    43 ||   151
       Battleaxe         |       |       |   126 |   219 ||   345
 Fire: Shortbow          |       |       |       |   297 ||   297
Invok: Berserk           |       |       |     5 |     2 ||     7
  Use: Scroll            |       |       |       |    12 ||    12
  Eat: Chunk             |       |     6 |    18 |    20 ||    44
       Royal jelly       |       |       |       |     1 ||     1
Armor: Animal skin       |     7 |       |       |       ||     7
       Scale mail        |    21 |    95 |   102 |    58 ||   276
Dodge: Dodged            |    36 |   142 |   211 |   185 ||   574
